[Event "XLV Sevilla Open 2020"]
[Site "Sevilla"]
[Date "2020.01.18"]
[Round "9.6"]
[White "Pridorozhni, Aleksei"]
[Black "Gutierrez Olivares, Daniel"]
[Result "1-0"]
[ECO "E77"]
[WhiteElo "2601"]
[BlackElo "2358"]
[Annotator "ChessBase"]
[PlyCount "51"]
[EventDate "2020.01.05"]
[EventType "swiss"]
[EventCountry "ESP"]
[SourceTitle "playchess.com"]
[Source "ChessBase"]
[SourceQuality "1"]
[TimeControl "5400+30"]

1. e4 g6 2. d4 Bg7 3. c4 d6 4. Nc3 Nf6 5. f4 O-O 6. Nf3 c5 7. d5 e6 8. dxe6 Bxe6 9. Bd3 Re8 10. O-O Bg4 11. h3 Bxf3 12. Qxf3 Nc6 13. Kh1 Qb6 14. Qf2 Nb4 15. Bb1 h6 16. Be3 Qc6 17. a3 Na6 18. Bc2 Re7 19. Rae1 Qb6 20. Bc1 Nc7 21. e5 Nd7 22. f5 dxe5 23. fxg6 fxg6 24. Qh4 g5 25. Bxg5 Re6 26. Nd5 1-0

[Event "XLV Sevilla Open 2020"]
[Site "Sevilla"]
[Date "2020.01.18"]
[Round "9.8"]
[White "Piasetski, Leon"]
[Black "Swayams, Mishra"]
[Result "0-1"]
[ECO "A10"]
[WhiteElo "2219"]
[BlackElo "2479"]
[Annotator "ChessBase"]
[PlyCount "80"]
[EventDate "2020.01.05"]
[EventType "swiss"]
[EventCountry "ESP"]
[SourceTitle "playchess.com"]
[Source "ChessBase"]
[SourceQuality "1"]
[TimeControl "5400+30"]

1. c4 b6 2. Nc3 Bb7 3. e4 e5 4. Nf3 Nc6 5. Be2 Bc5 6. Nxe5 Nxe5 7. d4 Bd6 8. dxe5 Bxe5 9. Nd5 c6 10. Ne3 Nf6 11. Qc2 Qc7 12. g3 O-O-O 13. f4 Bd4 14. O-O c5 15. Bf3 d6 16. Kg2 Bxe3 17. Bxe3 Rhe8 18. e5 dxe5 19. fxe5 Qxe5 20. Bxb7+ Kxb7 21. Rae1 Rd7 22. b3 Qe6 23. Qf2 Qc6+ 24. Qf3 Qxf3+ 25. Rxf3 Rde7 26. h3 Nd7 27. Rd1 Ne5 28. Rf2 f6 29. Rfd2 Nc6 30. Bf2 Kc8 31. g4 Rd8 32. Rxd8+ Nxd8 33. Rd2 Nc6 34. Rd6 Re2 35. a3 Rb2 36. Rd3 Na5 37. Re3 Kd7 38. Rd3+ Ke7 39. b4 cxb4 40. axb4 Nxc4 0-1

[Event "XLV Sevilla Open 2020"]
[Site "Sevilla"]
[Date "2020.01.18"]
[Round "9.9"]
[White "Alsina Leal, Daniel"]
[Black "Pogorelov, Ruslan"]
[Result "1-0"]
[ECO "B10"]
[WhiteElo "2465"]
[BlackElo "2377"]
[Annotator "ChessBase"]
[PlyCount "81"]
[EventDate "2020.01.05"]
[EventType "swiss"]
[EventCountry "ESP"]
[SourceTitle "playchess.com"]
[Source "ChessBase"]
[SourceQuality "1"]
[TimeControl "5400+30"]

1. e4 c6 2. Nf3 d5 3. d3 dxe4 4. dxe4 Qxd1+ 5. Kxd1 Bg4 6. Be2 Nd7 7. Ne1 Bxe2+ 8. Kxe2 Ngf6 9. f3 e5 10. Nd3 Bd6 11. Be3 Ke7 12. Nd2 b5 13. a4 a6 14. c4 Rhc8 15. Rhc1 Ke6 16. Nb3 Ng8 17. Na5 Ne7 18. Nb7 Rab8 19. Nxd6 Kxd6 20. axb5 axb5 21. Rd1 Ke6 22. Nc5+ Nxc5 23. Bxc5 Rd8 24. Rxd8 Rxd8 25. cxb5 Ng6 26. b6 Nf4+ 27. Kf1 f5 28. g3 Nd3 29. b4 g5 30. Rd1 g4 31. b7 fxe4 32. fxe4 Nxc5 33. Rxd8 Nxb7 34. Re8+ Kd6 35. Rh8 c5 36. Rxh7 Kc6 37. bxc5 Nxc5 38. Rg7 Nxe4 39. Rxg4 Kd5 40. Rxe4 Kxe4 41. Ke2 1-0

[Event "XLV Sevilla Open 2020"]
[Site "Sevilla"]
[Date "2020.01.18"]
[Round "9.11"]
[White "Uribe, Jhonny Alberto"]
[Black "Pap, Misa"]
[Result "0-1"]
[ECO "A46"]
[WhiteElo "2149"]
[BlackElo "2427"]
[Annotator "ChessBase"]
[PlyCount "52"]
[EventDate "2020.01.05"]
[EventType "swiss"]
[EventCountry "ESP"]
[SourceTitle "playchess.com"]
[Source "ChessBase"]
[SourceQuality "1"]
[TimeControl "5400+30"]

1. d4 Nf6 2. Nf3 e6 3. Bf4 c5 4. e3 Qb6 5. b3 Nd5 6. Bxb8 Rxb8 7. c3 cxd4 8. Nxd4 Be7 9. Bd3 Qc7 10. Nb5 Qe5 11. Nxa7 Nxe3 12. fxe3 Qxe3+ 13. Qe2 Qxa7 14. Nd2 O-O 15. h4 Qc5 16. Rh3 f5 17. Rc1 Bf6 18. Kd1 d6 19. Nf3 Bd7 20. b4 Qb6 21. Kd2 h6 22. Rg3 Rbc8 23. a3 Qc7 24. Rg6 d5 25. Qe3 f4 26. Qf2 e5 0-1

[Event "XLV Sevilla Open 2020"]
[Site "Sevilla"]
[Date "2020.01.18"]
[Round "9.13"]
[White "Padmini, Rout"]
[Black "Pratyusha, Bodda"]
[Result "1-0"]
[ECO "B92"]
[WhiteElo "2369"]
[BlackElo "2267"]
[Annotator "ChessBase"]
[PlyCount "53"]
[EventDate "2020.01.05"]
[EventType "swiss"]
[EventCountry "ESP"]
[SourceTitle "playchess.com"]
[Source "ChessBase"]
[SourceQuality "1"]
[TimeControl "5400+30"]

1. e4 c5 2. Nf3 d6 3. d4 cxd4 4. Nxd4 Nf6 5. Nc3 a6 6. Be2 e5 7. Nb3 Be6 8. O-O Be7 9. Qd3 O-O 10. Nd5 Nbd7 11. Bd2 Nc5 12. Nxc5 dxc5 13. c4 Nxd5 14. cxd5 Bd7 15. a4 Bd6 16. a5 f5 17. f3 f4 18. Be1 Qg5 19. Qd2 c4 20. Bxc4 Rac8 21. b3 Rf6 22. g4 Rg6 23. Kh1 Bxg4 24. fxg4 Qxg4 25. Qe2 Qg5 26. Qf3 Bc5 27. Bf2 1-0

[Event "XLV Sevilla Open 2020"]
[Site "Sevilla"]
[Date "2020.01.18"]
[Round "9.14"]
[White "Morales Araujo, Francisco Javier"]
[Black "Bernadskiy, Vitaliy"]
[Result "0-1"]
[ECO "A02"]
[WhiteElo "2103"]
[BlackElo "2588"]
[Annotator "ChessBase"]
[PlyCount "100"]
[EventDate "2020.01.05"]
[EventType "swiss"]
[EventCountry "ESP"]
[SourceTitle "playchess.com"]
[Source "ChessBase"]
[SourceQuality "1"]
[TimeControl "5400+30"]

1. f4 b6 2. Nf3 Bb7 3. e3 g6 4. d4 Bg7 5. Bd3 Nf6 6. O-O O-O 7. Qe2 c5 8. c3 Ne4 9. Nbd2 d5 10. Ng5 Nxg5 11. fxg5 e5 12. dxe5 Qxg5 13. Nf3 Qe7 14. e4 c4 15. Bc2 Nd7 16. Bg5 Qe6 17. Rae1 Nxe5 18. Nxe5 Qxe5 19. Bf4 Qe6 20. e5 Rae8 21. Qd2 f6 22. exf6 Qxf6 23. Be5 Qe7 24. Bd4 Bxd4+ 25. cxd4 Rxf1+ 26. Rxf1 Ba6 27. Rf3 Qe1+ 28. Qxe1 Rxe1+ 29. Kf2 Rc1 30. Rc3 Kg7 31. Ba4 Rb1 32. Bc6 Rxb2+ 33. Kg3 Bc8 34. Bxd5 b5 35. Re3 Kf6 36. Re8 Bd7 37. Rh8 Ke7 38. Rxh7+ Kd6 39. Be4 c3 40. Rh6 c2 41. Rxg6+ Be6 42. Bxc2 Rxc2 43. h4 Rc8 44. h5 a5 45. h6 Rg8 46. Rxg8 Bxg8 47. Kf4 b4 48. Ke3 a4 49. Kd2 Bh7 50. a3 bxa3 0-1

[Event "XLV Sevilla Open 2020"]
[Site "Sevilla"]
[Date "2020.01.18"]
[Round "9.16"]
[White "Ordonez Torres, Maria Del Carmen"]
[Black "Polivanov, Anatoliy"]
[Result "0-1"]
[ECO "C02"]
[WhiteElo "2061"]
[BlackElo "2420"]
[Annotator "ChessBase"]
[PlyCount "56"]
[EventDate "2020.01.05"]
[EventType "swiss"]
[EventCountry "ESP"]
[SourceTitle "playchess.com"]
[Source "ChessBase"]
[SourceQuality "1"]
[TimeControl "5400+30"]

1. e4 e6 2. d4 d5 3. e5 c5 4. c3 Nc6 5. Nf3 Bd7 6. Be2 Nge7 7. O-O Ng6 8. g3 Be7 9. h4 cxd4 10. cxd4 O-O 11. Nc3 f6 12. Bd3 fxe5 13. Bxg6 Rxf3 14. Bxh7+ Kxh7 15. Qxf3 Nxd4 16. Qh5+ Kg8 17. f4 e4 18. f5 Nxf5 19. Nxd5 exd5 20. Rxf5 Bxf5 21. Qxf5 Qb6+ 22. Kg2 Rd8 23. Kh3 Qf6 24. Qh5 e3 25. Qg4 d4 26. b3 d3 27. Rb1 Qf1+ 28. Kh2 Qe2+ 0-1

[Event "XLV Sevilla Open 2020"]
[Site "Sevilla"]
[Date "2020.01.18"]
[Round "9.17"]
[White "Carrasco Martinez, Juan M."]
[Black "Silva Lucena, Cristian"]
[Result "0-1"]
[ECO "C45"]
[WhiteElo "2391"]
[BlackElo "2217"]
[Annotator "ChessBase"]
[PlyCount "62"]
[EventDate "2020.01.05"]
[EventType "swiss"]
[EventCountry "ESP"]
[SourceTitle "playchess.com"]
[Source "ChessBase"]
[SourceQuality "1"]
[TimeControl "5400+30"]

1. e4 e5 2. Nf3 Nc6 3. d4 exd4 4. Nxd4 Nf6 5. Nxc6 bxc6 6. Nd2 Bc5 7. Bd3 O-O 8. O-O Re8 9. Nb3 Bb6 10. Qf3 d6 11. h3 Nd7 12. Kh1 Qh4 13. Bf4 Ne5 14. Qg3 Qxg3 15. Bxg3 Nxd3 16. cxd3 a5 17. Rfc1 a4 18. Nd2 Ba6 19. Rxc6 Bxd3 20. f3 Rab8 21. Nc4 Bc5 22. b3 axb3 23. axb3 Rxb3 24. Na5 Rb5 25. Be1 Bb6 26. Rcc1 f5 27. exf5 Rxe1+ 28. Rxe1 Bxa5 29. Re8+ Kf7 30. Ra8 Bb6 31. g4 Rb1+ 0-1